MID
GREENSBORO GRASSHOPPERS @ BINGHAMTON METS
06/27/2044
 
TOP OF THE 1ST
Greensboro Grasshoppers batting - Pitching for Binghamton Mets : LHP Andy Shearn
Pitching: LHP Andy Shearn
Batting: RHB Tom Thompson 0-0: Called Strike
0-1: Ball
1-1: Ball
2-1: Ball
3-1: Ground out 6-3 (Groundball, 6, EV 83.8 MPH)
Batting: RHB Torquato Obawole 0-0: Foul Ball, location: 2F
0-1: Ball
1-1: Foul Ball, location: 2F
1-2: Ball
2-2: Ball
3-2: Ground out U3 (Groundball, 34, EV 105.0 MPH)
Batting: RHB Isaiah Brockman 0-0: Foul Ball, location: 2F
0-1: Ball
1-1: Ground out U3 (Groundball, 3S, EV 86.2 MPH)
Top of the 1st over - 0 runs, 0 hits, 0 errors, 0 left on base; Greensboro 0 - Binghamton 0
BOTTOM OF THE 1ST
Binghamton Mets batting - Pitching for Greensboro Grasshoppers : RHP Zack Evans
Pitching: RHP Zack Evans
Batting: LHB Elmo Dreier 0-0: Ball
1-0: Swinging Strike
1-1: Ground out 1-3 (Groundball, 13S, EV 66.9 MPH)
Batting: RHB Steve Dunaway 0-0: Fly out, F6 (Flyball, 56D, EV 91.9 MPH)
Batting: SHB Alex Orozco 0-0: Ground out U3 (Groundball, 3, EV 76.2 MPH)
Bottom of the 1st over - 0 runs, 0 hits, 0 errors, 0 left on base; Greensboro 0 - Binghamton 0
TOP OF THE 2ND
Greensboro Grasshoppers batting - Pitching for Binghamton Mets : LHP Andy Shearn
Batting: RHB Jake Shelton 0-0: Called Strike
0-1: Swinging Strike
0-2: Ball
1-2: Ball
2-2: Strikes out swinging
Batting: RHB Boof Howell 0-0: Ball
1-0: Foul Ball, location: 2F
1-1: Ball
2-1: Swinging Strike
2-2: Strikes out looking
Batting: RHB Masumitsu Sugiura 0-0: Called Strike
0-1: Fly out, F7 (Flyball, 8LD, EV 83.1 MPH)
Top of the 2nd over - 0 runs, 0 hits, 0 errors, 0 left on base; Greensboro 0 - Binghamton 0
BOTTOM OF THE 2ND
Binghamton Mets batting - Pitching for Greensboro Grasshoppers : RHP Zack Evans
Batting: RHB Andy Solorzano 0-0: Ball
1-0: Foul Ball, location: 2F
1-1: Ball
2-1: Ball
3-1: Base on Balls
Batting: LHB Nate Trahan 0-0: Ball
1-0: Called Strike
1-1: Ball
2-1: Foul Ball, location: 2F
2-2: Strikes out swinging
Batting: RHB Chris Nelson 0-0: Foul Ball, location: 2F
0-1: Grounds into double play, 4-6-3 (Groundball, 4, EV 103.8 MPH)
Bottom of the 2nd over - 0 runs, 0 hits, 0 errors, 0 left on base; Greensboro 0 - Binghamton 0
TOP OF THE 3RD
Greensboro Grasshoppers batting - Pitching for Binghamton Mets : LHP Andy Shearn
Batting: RHB Jordan Arcidez 0-0: Called Strike
0-1: Ball
1-1: Ball
2-1: Called Strike
2-2: Strikes out swinging
Batting: RHB Wei-guo Tsu 0-0: Ball
1-0: Ball
2-0: Ball
3-0: Called Strike
3-1: Base on Balls
Batting: RHB Chris Riddick 0-0: Swinging Strike
0-1: Swinging Strike
0-2: Ball
1-2: Ball
2-2: Grounds into double play, 6-4-3 (Groundball, 6, EV 105.6 MPH)
Top of the 3rd over - 0 runs, 0 hits, 0 errors, 0 left on base; Greensboro 0 - Binghamton 0
BOTTOM OF THE 3RD
Binghamton Mets batting - Pitching for Greensboro Grasshoppers : RHP Zack Evans
Batting: LHB Willie Cintron 0-0: Ball
1-0: Foul Ball, location: 2F
1-1: Ball
2-1: Ground out 3-1 (Groundball, 34S, EV 78.1 MPH)
Batting: RHB Jake Hansford 0-0: Ball
1-0: Foul Ball, location: 2F
1-1: Foul Ball, location: 2F
1-2: Foul Ball, location: 2F
1-2: Foul Ball, location: 2F
1-2: Ground out 5-3 (Groundball, 56S, EV 73.8 MPH)
Batting: RHB Dave Conde 0-0: Ball
1-0: Ball
2-0: Ball
3-0: Called Strike
3-1: Base on Balls
Batting: LHB Elmo Dreier Pickoff Throw to First - Out! 1-3
Bottom of the 3rd over - 0 runs, 0 hits, 0 errors, 0 left on base; Greensboro 0 - Binghamton 0
TOP OF THE 4TH
Greensboro Grasshoppers batting - Pitching for Binghamton Mets : LHP Andy Shearn
Batting: RHB Tom Thompson 0-0: Ball
1-0: Called Strike
1-1: SINGLE (Line Drive, 78S, EV 100.0 MPH)
Batting: RHB Torquato Obawole 0-0: Called Strike
0-1: Ball
1-1: Called Strike
1-2: Ball
2-2: Ball
3-2: Grounds into double play, 5-4-3 (Groundball, 56, EV 86.9 MPH)
Batting: RHB Isaiah Brockman 0-0: Ball
1-0: Ball
2-0: Foul Ball, location: 2F
2-1: Ball
3-1: Base on Balls
Batting: RHB Jake Shelton 0-0: Called Strike
0-1: Ball
1-1: Swinging Strike
1-2: Foul Ball, location: 2F
1-2: Ball
2-2: Ball
3-2: Base on Balls
Isaiah Brockman to second
Batting: RHB Boof Howell 0-0: Ball
1-0: Ball
2-0: Ground out 4-3 (Groundball, 13, EV 83.8 MPH)
Top of the 4th over - 0 runs, 1 hit, 0 errors, 2 left on base; Greensboro 0 - Binghamton 0
BOTTOM OF THE 4TH
Binghamton Mets batting - Pitching for Greensboro Grasshoppers : RHP Zack Evans
Batting: LHB Elmo Dreier 0-0: Called Strike
0-1: Ball
1-1: Foul Ball, location: 2F
1-2: Reached on error, E6 (Groundball, 6, EV 84.4 MPH)
Batting: RHB Steve Dunaway 0-0: Ball
1-0: Fielders Choice at 2nd, 5-4 (Groundball, 56D, EV 80.0 MPH)
Batting: SHB Alex Orozco 0-0: Ball
Steve Dunaway steals 2nd base
1-0: Foul Ball, location: 2F
1-1: Ball
2-1: Foul Ball, location: 2F
2-2: Foul Ball, location: 2F
2-2: Foul Ball, location: 2F
2-2: Foul Ball, location: 2F
2-2: SINGLE (Groundball, 15S, EV 75.0 MPH) (infield hit)
Steve Dunaway to third
Batting: RHB Andy Solorzano 0-0: Ball
1-0: Fly out, F9 (Flyball, 9LS, EV 87.5 MPH)
Batting: LHB Nate Trahan 0-0: Called Strike
0-1: Ball
1-1: Ball
2-1: Foul Ball, location: 2F
2-2: Ball
3-2: Fly out, F8 (Line Drive, 8RM, EV 100.6 MPH)
Bottom of the 4th over - 0 runs, 1 hit, 1 error, 2 left on base; Greensboro 0 - Binghamton 0
TOP OF THE 5TH
Greensboro Grasshoppers batting - Pitching for Binghamton Mets : LHP Andy Shearn
Batting: RHB Masumitsu Sugiura 0-0: Ball
1-0: Ground out 4-3 (Groundball, 4, EV 82.5 MPH)
Batting: RHB Jordan Arcidez 0-0: Ball
1-0: Foul Ball, location: 2F
1-1: Swinging Strike
1-2: Foul Ball, location: 2F
1-2: Ball
2-2: Foul Ball, location: 2F
2-2: Strikes out looking
Batting: RHB Wei-guo Tsu 0-0: Ball
1-0: SINGLE (Groundball, 56D, EV 105.0 MPH)
Batting: RHB Chris Riddick 0-0: Called Strike
0-1: Ball
1-1: SINGLE (Flyball, 3D, EV 86.2 MPH)
Wei-guo Tsu to second
Runner from 2nd tries for 3rd, SAFE, throw by RF made to third
Batting: RHB Tom Thompson 0-0: Ball
1-0: SINGLE (Line Drive, 9LS, EV 90.0 MPH)
Wei-guo Tsu scores
Chris Riddick to second
Runner from 2nd tries for 3rd, OUT! 9-5
Top of the 5th over - 1 run, 3 hits, 0 errors, 1 left on base; Greensboro 1 - Binghamton 0
BOTTOM OF THE 5TH
Binghamton Mets batting - Pitching for Greensboro Grasshoppers : RHP Zack Evans
Batting: RHB Chris Nelson 0-0: Swinging Strike
0-1: Ball
1-1: Ball
2-1: Ground out U3 (Groundball, 3L, EV 103.8 MPH)
Batting: LHB Willie Cintron 0-0: Ball
1-0: Foul Ball, location: 2F
1-1: Ball
2-1: Swinging Strike
2-2: Ball
3-2: Foul Ball, location: 2F
3-2: Strikes out swinging
Batting: RHB Jake Hansford 0-0: Ball
1-0: Ground out 5-3 (Groundball, 5D, EV 77.5 MPH)
Bottom of the 5th over - 0 runs, 0 hits, 0 errors, 0 left on base; Greensboro 1 - Binghamton 0
TOP OF THE 6TH
Greensboro Grasshoppers batting - Pitching for Binghamton Mets : LHP Andy Shearn
Batting: RHB Torquato Obawole 0-0: Ball
1-0: Foul Ball, location: 2F
1-1: Ball
2-1: Swinging Strike
2-2: Ground out U3 (Groundball, 34, EV 88.8 MPH)
Batting: RHB Isaiah Brockman 0-0: Called Strike
0-1: Ground out 6-3 (Groundball, 56, EV 106.2 MPH)
Batting: RHB Jake Shelton 0-0: Fly out, F7 (Flyball, 7, EV 93.8 MPH)
Top of the 6th over - 0 runs, 0 hits, 0 errors, 0 left on base; Greensboro 1 - Binghamton 0
BOTTOM OF THE 6TH
Binghamton Mets batting - Pitching for Greensboro Grasshoppers : RHP Zack Evans
Batting: RHB Dave Conde 0-0: Ball
1-0: Ground out 4-3 (Groundball, 4, EV 81.9 MPH)
Batting: LHB Elmo Dreier 0-0: Ball
1-0: Ball
2-0: Ball
3-0: Base on Balls
Batting: RHB Steve Dunaway 0-0: Called Strike
Elmo Dreier steals 2nd base
0-1: SINGLE (Line Drive, 34D, EV 96.9 MPH)
Elmo Dreier to third
Runner from 3rd tries for Home, SAFE, throw by RF to home
Steve Dunaway to second
Batting: SHB Alex Orozco 0-0: Ground out 5-3 (Groundball, 15, EV 81.9 MPH)
Batting: RHB Andy Solorzano 0-0: Ball
Wild Pitch!
Steve Dunaway to third
1-0: Swinging Strike
1-1: Foul Ball, location: 2F
1-2: Strikes out swinging
Bottom of the 6th over - 1 run, 1 hit, 0 errors, 1 left on base; Greensboro 1 - Binghamton 1
TOP OF THE 7TH
Greensboro Grasshoppers batting - Pitching for Binghamton Mets : LHP Andy Shearn
Batting: RHB Boof Howell 0-0: Ball
1-0: Fly out, F7 (Flyball, 7, EV 91.9 MPH)
Batting: RHB Masumitsu Sugiura 0-0: Swinging Strike
0-1: Foul Ball, location: 2F
0-2: Strikes out swinging
Batting: RHB Jordan Arcidez 0-0: Called Strike
0-1: Ball
1-1: Ball
2-1: Ball
3-1: Base on Balls
Pitching: RHP Rob Fennell
Batting: RHB Wei-guo Tsu 0-0: Foul Ball, location: 2F
0-1: DOUBLE (Groundball, 5L, EV 103.1 MPH)
Jordan Arcidez to third
Runner from 3rd tries for Home, SAFE, throw by LF to trailing runner, SAFE at third!
Batting: RHB Chris Riddick 0-0: Ball
1-0: Ball
2-0: Foul Ball, location: 2F
2-1: Fly out, F4 (Flyball, 34D, EV 87.5 MPH)
Top of the 7th over - 1 run, 1 hit, 0 errors, 1 left on base; Greensboro 2 - Binghamton 1
BOTTOM OF THE 7TH
Binghamton Mets batting - Pitching for Greensboro Grasshoppers : RHP Zack Evans
Pitching: LHP Joe Foster
Pinch Hitting: RHB Joe Kooyers 0-0: Ball
1-0: Ball
2-0: Called Strike
2-1: Swinging Strike
2-2: Ball
3-2: Strikes out swinging passed ball, reaches first!
Pitching: RHP Marco Quezada
Batting: RHB Chris Nelson 0-0: Ball
1-0: Ball
2-0: Foul Ball, location: 2F
2-1: Foul Ball, location: 2F
2-2: Foul Ball, location: 2F
2-2: DOUBLE (Flyball, 89XD, EV 109.4 MPH)
Joe Kooyers to third
Batting: LHB Willie Cintron 0-0: Foul Ball, location: 2F
0-1: Ball
1-1: Ball
2-1: Swinging Strike
2-2: Ball
3-2: Base on Balls
Batting: RHB Jake Hansford 0-0: Ball
1-0: Grounds into fielders choice 5-2 (Groundball, 56S, EV 71.2 MPH)
Chris Nelson to third
Willie Cintron to second
Batting: RHB Dave Conde 0-0: Foul Ball, location: 2F
0-1: Called Strike
0-2: Ball
1-2: SINGLE (Groundball, 5L, EV 94.4 MPH)
Chris Nelson scores
Willie Cintron to third
Jake Hansford to second
Batting: LHB Elmo Dreier 0-0: Called Strike
0-1: Grounds into fielders choice 4-2 (Groundball, 4, EV 81.9 MPH)
Jake Hansford to third
Dave Conde to second
Batting: RHB Steve Dunaway 0-0: SINGLE (Groundball, 56D, EV 102.5 MPH)
Jake Hansford scores
Dave Conde to third
Elmo Dreier to second
Runner from 3rd tries for Home, SAFE, throw by LF to home
Batting: SHB Alex Orozco 0-0: Ball
1-0: Called Strike
Steve Dunaway steals 2nd base
Elmo Dreier steals 3rd base
1-1: Fly out, F4 (Popup, 34, EV 58.8 MPH)
Bottom of the 7th over - 3 runs, 3 hits, 0 errors, 2 left on base; Greensboro 2 - Binghamton 4
TOP OF THE 8TH
Greensboro Grasshoppers batting - Pitching for Binghamton Mets : RHP Rob Fennell
Now in LF: Ivan Gonzales
Batting: RHB Tom Thompson 0-0: Called Strike
0-1: Hit by Pitch
Batting: RHB Torquato Obawole 0-0: Called Strike
Pickoff Throw to First - Error! E1
Tom Thompson to second
0-1: Ball
1-1: Foul Ball, location: 2F
1-2: Ball
2-2: Ball
3-2: Foul Ball, location: 2F
3-2: Foul Ball, location: 2F
3-2: Fly out, F7 (Line Drive, 7, EV 92.5 MPH)
Batting: RHB Isaiah Brockman 0-0: Ball
1-0: Called Strike
1-1: Ball
2-1: Called Strike
2-2: Foul Ball, location: 2F
2-2: SINGLE (Line Drive, 89S, EV 106.9 MPH)
Tom Thompson to third
Runner from 3rd tries for Home, SAFE, throw by RF to home
Batting: RHB Jake Shelton 0-0: Ball
1-0: Ball
2-0: Called Strike
2-1: Fielders Choice at 2nd, 6-4 (Groundball, 56, EV 97.5 MPH)
Pitching: LHP Jonathan Gendron
Batting: RHB Boof Howell 0-0: Ball
1-0: Ball
2-0: Ball
3-0: Called Strike
3-1: Base on Balls
Jake Shelton to second
Batting: RHB Masumitsu Sugiura 0-0: Called Strike
0-1: Ball
1-1: Foul Ball, location: 2F
1-2: Strikes out swinging
Top of the 8th over - 1 run, 1 hit, 1 error, 2 left on base; Greensboro 3 - Binghamton 4
BOTTOM OF THE 8TH
Binghamton Mets batting - Pitching for Greensboro Grasshoppers : RHP Marco Quezada
Pitching: LHP Matt Payne
Batting: RHB Andy Solorzano 0-0: Called Strike
0-1: Ball
1-1: Ball
2-1: Foul Ball, location: 2F
2-2: Ball
3-2: Ground out 3-1 (Groundball, 34, EV 108.8 MPH)
Batting: RHB Ivan Gonzales 0-0: DOUBLE (Line Drive, 7LS, EV 98.8 MPH)
Batting: RHB Chris Nelson 0-0: Intentional Walk
Batting: RHB Joe Barker 0-0: Ball
1-0: Called Strike
1-1: Ball
2-1: SINGLE (Groundball, 6MD, EV 106.2 MPH)
Ivan Gonzales to third
Chris Nelson to second
Runner from 3rd tries for Home, SAFE, throw by CF to home
Batting: RHB Jake Hansford 0-0: DOUBLE (Groundball, 5L, EV 99.4 MPH)
Chris Nelson scores
Joe Barker to third
Batting: RHB Dave Conde 0-0: Intentional Walk
Batting: LHB Elmo Dreier 0-0: Ball
1-0: Grounds into fielders choice 3-2 (Groundball, 3, EV 85.6 MPH)
Jake Hansford to third
Dave Conde to second
Batting: RHB Steve Dunaway 0-0: Ball
1-0: Ball
2-0: Ball
3-0: Called Strike
3-1: Fielders Choice at 2nd, 5-4 (Groundball, 5, EV 99.4 MPH)
Bottom of the 8th over - 2 runs, 3 hits, 0 errors, 3 left on base; Greensboro 3 - Binghamton 6
TOP OF THE 9TH
Greensboro Grasshoppers batting - Pitching for Binghamton Mets : LHP Jonathan Gendron
Pitching: RHP Amare Golden
Batting: RHB Jordan Arcidez 0-0: Fly out, F9 (Line Drive, 9D, EV 105.6 MPH)
Batting: RHB Wei-guo Tsu 0-0: Called Strike
0-1: Ball
1-1: DOUBLE (Flyball, 9D, EV 93.8 MPH)
Batting: RHB Chris Riddick 0-0: Called Strike
0-1: Ball
1-1: Swinging Strike
1-2: Ball
2-2: Ground out 1-3 (Groundball, 13S, EV 66.2 MPH)
Wei-guo Tsu to third
Batting: RHB Tom Thompson 0-0: Ball
1-0: Foul Ball, location: 2F
1-1: Called Strike
1-2: Ball
2-2: Foul Ball, location: 2F
2-2: Strikes out swinging
Top of the 9th over - 0 runs, 1 hit, 0 errors, 1 left on base; Greensboro 3 - Binghamton 6
Thursday, March 31st , 2022 - OOTP Baseball 22.12 Build 89